 Dungeon Crawl Stone Soup version 0.31-a0-208-gdb31a4691d (webtiles) character file.

Game seed: 4098300127893667594

95 innerfire43 the Trooper (level 4, -5/37 HPs)
             Began as a Demonspawn Monk on June 28, 2023.
             Slain by Crazy Yiuf
             ... wielding a +4 quarterstaff of chaos
              (10 damage)
             ... on level 2 of the Dungeon.
             The game lasted 00:01:54 (1770 turns).

innerfire43 the Trooper (Demonspawn Monk)           Turns: 1770, Time: 00:01:56

Health: -5/37      AC:  5    Str: 14    XL:     4   Next: 39%
Magic:  4/4        EV: 14    Int: 11    God:
Gold:   114        SH:  0    Dex: 21    Spells: 3/3 levels left

rFire   . . .        a - +0 hand axe
rCold   . . .        d - orb {light}
rNeg    . . .        b - +0 robe
rPois   .            (no helmet)
rElec   .            (no cloak)
rCorr   .            n - +0 pair of gloves
SInv    .            (no boots)
Will    .....        (no amulet)
Stlth   +            e - +4 ring of slaying
HPRegen 0.26/turn    k - +6 ring of dexterity
MPRegen 0.09/turn

%: no passive effects
@: hasted, glowing, very quick
A: thin metallic scales 1, foul stench 1
a: no special abilities


You were on level 2 of the Dungeon.
You visited 1 branch of the dungeon, and saw 2 of its levels.

You collected 114 gold pieces.

Inventory:

Hand Weapons
 a - a +0 hand axe (weapon)
Armour
 b - a +0 robe (worn)
 d - an orb of light (worn)
 n - a +0 pair of gloves (worn)
Jewellery
 e - a +4 ring of slaying (left hand)
 k - a +6 ring of dexterity (right hand)
 l - a ring of protection from fire
Scrolls
 f - a scroll of noise {unknown}
 h - a scroll of brand weapon {unknown}
 i - a scroll of teleportation {unknown}
 o - a scroll of poison {unknown}
 p - a scroll of identify {unknown}
 q - a scroll of vulnerability {unknown}
Potions
 c - 2 potions of ambrosia
 g - a potion of haste {unknown}
 j - a potion of heal wounds
 m - a potion of resistance {unknown}


   Skills:
 - Level 3.9 Fighting
 - Level 3.4 Axes
 * Level 3.5 Dodging


You had 3 spell levels left.
You didn't know any spells.
Your spell library contained the following spells:

 Spells                   Type           Power      Damage    Failure   Level
 Dazzling Flash           Conj/Hex       0%         N/A       71%         3
 Volatile Blastmotes      Fire/Tloc      0%         2d10      71%         3
 Iskenderun's Mystic Bla  Conj/Tloc      0%         2d3       98%         4
 Starburst                Conj/Fire      0%         6d3       100%        6


Dungeon Overview and Level Annotations

Branches:
Dungeon (2/15)

Altars:

Annotations:
D:2 Crazy Yiuf


Innate Abilities, Weirdness & Mutations

You are partially covered in thin metallic scales. (AC +2)
You may rarely emit foul miasma when damaged in melee.


Message History

The hobgoblin hits you with a +0 falchion.
A hobgoblin is nearby!
You hit the hobgoblin.
You kill the hobgoblin!
q - a scroll labelled ZEEPHY ELIF You now have 114 gold pieces (gained 7).
Things that are here:
a +0 falchion; 3 stones; a +0 ring mail No target in view!
Found a stone staircase leading down.
There is a stone staircase leading down here.
Found a stone.
You see here a stone.
Crazy Yiuf shouts!
You open the door. You hit Crazy Yiuf but do no damage.
Crazy Yiuf hits you with a +4 quarterstaff of chaos.
Crazy Yiuf burns you. Crazy Yiuf closely misses you.
You hit Crazy Yiuf.
Crazy Yiuf is moderately wounded.
Crazy Yiuf hits you with a +4 quarterstaff of chaos!
You feel yourself speed up.
You hit Crazy Yiuf.
Crazy Yiuf is moderately wounded.
Unknown command.
You hit Crazy Yiuf.
Crazy Yiuf is moderately wounded.
Crazy Yiuf barely misses you.
You slash Crazy Yiuf!
Crazy Yiuf is severely wounded.
Crazy Yiuf drinks a potion.
Crazy Yiuf is healed!
You hit Crazy Yiuf.
Crazy Yiuf is lightly wounded.
You hit Crazy Yiuf.
Crazy Yiuf is lightly wounded.
Crazy Yiuf says, "Snurf chair turtle!"
Crazy Yiuf hits you with a +4 quarterstaff of chaos!
* * * LOW HITPOINT WARNING * * *
You are electrocuted!
You die...

#.#.##.#####.#...#
#.#..............#
#.####.#####.#...#
..# #...# #######
.## #..># .#
####### .# #.....#
### ♣♣#### .#
#.....# #)..#♣♣
♣♣....### .#
#.....#
#...g@♣♣♣♣.......#
.# #(....#
#...#♣..♣......#.#
.# #.....# ###
♣♣♣.♣....##.# .#
#.....#
♣♣♣♣♣####.# ##
#.....# #.# #
####..#########
#.# #
#.)..#..>....# #.#
# #..........###
##.####
#####.......##.#
#.....#


You could see Crazy Yiuf.

Vanquished Creatures
  Jessica (D:2)
  2 adders (D:2)
  An orc (D:2)
  7 bats
  4 endoplasms
  2 giant cockroaches (D:1)
  6 goblins
  9 hobgoblins
  2 quokkas (D:1)
  3 ball pythons
  5 frilled lizards
  3 kobolds (D:1)
  2 rats (D:2)
47 creatures vanquished.

Notes
Turn   | Place    | Note
-------+----------+-------------------------------------------
     0 | D:1      | innerfire43 the Demonspawn Monk began the quest for the
                  | Orb.
     0 | D:1      | Reached XP level 1. HP: 18/18 MP: 1/1
   252 | D:1      | Gained mutation: You may rarely emit foul miasma when
                  | damaged in melee. [demonic ancestry]
   252 | D:1      | Reached XP level 2. HP: 24/24 MP: 2/2
   862 | D:1      | Reached XP level 3. HP: 29/29 MP: 3/3
  1016 | D:2      | Noticed Jessica
  1025 | D:2      | Killed Jessica
  1155 | D:2      | Gained mutation: You are partially covered in thin metallic
                  | scales. (AC +2) [demonic ancestry]
  1155 | D:2      | Reached XP level 4. HP: 37/37 MP: 4/4
  1392 | D:2      | Found a runed translucent door.
  1393 | D:2      | Noticed Crazy Yiuf
  1770 | D:2      | Slain by Crazy Yiuf

Illustrated notes

Levels and vault maps discovered:
D:1:      lemuel_arrival_river_passageway, layout_basic
D:2:      layout_loops_cross, minmay_fractal_squares_5, uniq_crazy_yiuf_cottage,
          uniq_jessica

Skill      XL: |  1  2 |
---------------+-------+-----
Axes           | 3 |  3.4
Dodging        | 3 |  3.5
Fighting       | |  3.9

Action                     |  1- 3 |  4- 6 || total
---------------------------+-------+-------++-------
  Melee: Hand axe          |    73 |    35 ||   108
 Armour: Robe              |    14 |     9 ||    23
  Dodge: Dodged            |    59 |    31 ||    90

Table legend: (Time is in decaauts)
 A = Elapsed time spent in this place.
 B = Non-inter-level travel time spent in this place.
 C = Inter-level travel time spent in this place.
 D = Time resting spent in this place.
 E = Time spent auto-exploring this place.
 F = Levels seen in this place.
 G = Mean time per level.
                   A        B        C        D        E       F      G
               +--------+--------+--------+--------+--------+-----+--------+
         Total |   1795 |   1581 |    214 |      0 |   1273 |   2 |  897.5 |
       Dungeon |   1795 |   1581 |    214 |      0 |   1273 |   2 |  897.5 |
               +--------+--------+--------+--------+--------+-----+--------+

Top non-repeatable levels by time:
     D:1: 947 daAuts
     D:2: 847 daAuts
